 Dungeon Crawl Stone Soup version 0.22.1-1-ga44c0e5 (webtiles) character file.

28 Iscandelvey the Magician (level 2, 0/20 HPs)
             Began as a Demigod Wizard on Oct 2, 2018.
             Slain by an adder (2 damage)
             ... on level 1 of the Dungeon.
             The game lasted 00:05:35 (1179 turns).

Iscandelvey the Magician (Demigod Wizard)           Turns: 1179, Time: 00:05:36

Health: 0/20       AC:  2    Str:  9 (10) XL:     2   Next: 78%
Magic:  0/9        EV: 12    Int: 20 (22) God:
Gold:   26         SH:  0    Dex: 13 (14) Spells: 7/8 levels left

rFire    . . .     SeeInvis .   e - +0 dagger
rCold    . . .     Gourm    .   (no shield)
rNeg     . . .     Faith    .   a - +0 robe
rPois    .         Spirit   .   b - +0 hat
rElec    .         Reflect  .   (no cloak)
rCorr    .         Harm     .   (no gloves)
MR       +....                  (no boots)
Stlth    ++........             (no amulet)
HPRegen  0.06/turn              h - ring of flight
MPRegen  0.11/turn              i - ring of protection from magic

@: very slightly contaminated
A: high mp 1
a: Evoke Flight


You were on level 1 of the Dungeon.
You were not hungry.

You visited 1 branch of the dungeon, and saw 2 of its levels.

You collected 26 gold pieces.

Inventory:

Hand Weapons
 e - a +0 dagger (weapon)
Armour
 a - a +0 robe (worn)
 b - a +0 hat (worn)
Jewellery
 h - a ring of flight (left hand)
 i - a ring of protection from magic (right hand)
Scrolls
 g - a scroll of remove curse
Comestibles
 d - 3 rations


   Skills:
 + Level 1.8 Dodging
 + Level 1.7 Stealth
 * Level 3.5 Spellcasting
 * Level 1.1 Conjurations
   Level 0.8 Summonings
   Level 0.8 Translocations


You had 7 spell levels left.
You knew the following spells:

 Your Spells              Type           Power        Failure   Level  Hunger
a - Magic Dart            Conj           #...         9%          1    None

Your spell library contained the following spells:

 Spells                   Type           Power        Failure   Level  Hunger
 Blink                    Tloc           N/A          14%         2    ##.....
 Call Imp                 Summ           #.......     14%         2    ##.....
 Slow                     Hex            #.......     21%         2    ##.....
 Conjure Flame            Conj/Fire      #.......     32%         3    ###....
 Mephitic Cloud           Conj/Pois/Air  #.......     34%         3    ###....


Dungeon Overview and Level Annotations

Branches:
Dungeon (2/15)


Innate Abilities, Weirdness & Mutations

You have an increased reservoir of magic. (+10% MP)


Message History

The magic dart hits the adder.
The adder is severely wounded.
The adder misses you.
Casting: Magic Dart (safe; 9% risk of failure)
Confirm with . or Enter, or press ? or * to list all spells.
Aiming: Magic Dart (safe; 9% risk of failure)
Press: ? - help, Shift-Dir - straight line, f/p - adder
Aim: an adder (severely wounded)
The magic dart hits the adder.
The adder is severely wounded.
The adder misses you.
Casting: Magic Dart (safe; 9% risk of failure)
Confirm with . or Enter, or press ? or * to list all spells.
Aiming: Magic Dart (safe; 9% risk of failure)
Press: ? - help, Shift-Dir - straight line, f/p - adder
Aim: an adder (severely wounded)
The magic dart hits the adder.
The adder is severely wounded.
The adder bites you.
You die...

#.# #.........#.# ##.#.<.#.# ##.#
#.#######..## ##.#.#.#.#. ...#
#.# #..# ##.###.#.### #### #.#
#..# #.## ##.## # #.# #..# #.#
##.#.### #.# #..# #.###.###.#.
#.# #..# #.##.#####.. #
##.#######..####...........
#######........S@............###.
.........(........#######.##.# ##
############.###### #.##.#### #
#.# #.##..... ## #.# #(####### .#
#.# #.# .# #.# #.# .# #.#
#.####### )# #.# #........


You could see an adder.

Vanquished Creatures
  A dart slug (D:1)
  A leopard gecko (D:1)
  2 bats (D:1)
  A giant cockroach (D:1)
  6 goblins (D:1)
  3 hobgoblins (D:1)
  4 jackals (D:1)
  A frilled lizard (D:1)
  A kobold (D:1)
  2 rats (D:1)
22 creatures vanquished.

Notes
Turn   | Place    | Note
-------+----------+-------------------------------------------
     0 | D:1      | Iscandelvey the Demigod Wizard began the quest for the Orb.
     0 | D:1      | Reached XP level 1. HP: 14/14 MP: 6/6
    72 | D:1      | Reached skill level 3 in Spellcasting
   263 | D:1      | Reached XP level 2. HP: 20/20 MP: 0/8
   700 | D:1      | Reached skill level 1 in Conjurations
  1179 | D:1      | Slain by an adder

Skill      XL: |  1  2 |
---------------+-------+-----
Spellcasting   | 3 |  3.5
Conjurations   | 1 |  1.1
Dodging        | |  1.8
Stealth        | |  1.7
Summonings     | |  0.8
Translocations | |  0.8

Action                   || total
-------------------------++-------
Melee: Unarmed           ||    20
 Cast: Magic Dart        ||    67
  Use: Scroll            ||     2
       Potion            ||     1
  Eat: Chunk             ||     1
Armor: Robe              ||    11
Dodge: Dodged            ||    28
